 Dungeon Crawl Stone Soup version 0.26.1-11-gd32895ea62 (webtiles) character file.

Game seed: 13174186752446968618

373 Revguard the Grave Robber (level 6, -2/44 HPs)
             Began as a Demonspawn Necromancer on July 28, 2021.
             Killed by divine providence
             ... invoked by an orc priest
              (11 damage)
             ... on level 4 of the Dungeon.
             The game lasted 00:14:13 (5133 turns).

Revguard the Grave Robber (Demonspawn Necromancer)  Turns: 5133, Time: 00:14:14

Health: -2/44      AC:  5    Str: 14 (16) XL:     6   Next: 43%
Magic:  0/9        EV: 12    Int: 14 (16) God:
Gold:   166        SH:  0    Dex: 11 (14) Spells: 2/11 levels left

rFire    . . .     SeeInvis .   f - +0 rapier
rCold    . . .     Faith    .   (no shield)
rNeg     . . .     Spirit   .   j - +1 leather armour
rPois    .         Reflect  .   (helmet restricted)
rElec    +         Harm     .   (no cloak)
rCorr    .         Rampage  .   b - +0 pair of gloves
Will     .....                  (no boots)
Stlth    ++........             (no amulet)
HPRegen  0.14/turn              g - +6 ring of strength
MPRegen  0.11/turn              (no ring)

@: very slightly contaminated
A: antennae 1, claws 2, low mp 1, electricity resistance, MP-powered wands
a: no special abilities


You were on level 4 of the Dungeon.
You visited 2 branches of the dungeon, and saw 5 of its levels.

You collected 166 gold pieces.

Inventory:

Hand Weapons
 f - a +0 rapier (weapon)
Armour
 a - a +0 robe
 b - a +0 pair of gloves (worn)
 j - a +1 leather armour (worn)
 l - a +0 helmet
Jewellery
 g - a +6 ring of strength (left hand)
Scrolls
 c - 5 scrolls of teleportation
 e - a scroll of identify
 i - a scroll of enchant armour
 q - a scroll of fear
Potions
 d - a potion of resistance
 h - 2 potions of heal wounds
 o - a potion of might


   Skills:
 + Level 2.0 Fighting
 + Level 2.0 Short Blades
 + Level 2.1 Armour
 + Level 2.9 Dodging
 + Level 2.9 Stealth
 + Level 3.0 Spellcasting
 + Level 5.0 Necromancy


You had 2 spell levels left.
You knew the following spells:

 Your Spells              Type           Power        Failure   Level
a - Pain                  Necr           64%          3%          1
b - Animate Skeleton      Necr           32%          3%          1
c - Vampiric Draining     Necr           8%           10%         3
d - Animate Dead          Necr           8%           32%         4

Your spell library contained the following spells:

 Spells                   Type           Power        Failure   Level
 Agony                    Necr           16%          65%         5


Dungeon Overview and Level Annotations

Branches:
Dungeon (4/15)             Temple (1/1) D:4

Altars:
Ashenzari
Cheibriados
Dithmenos
Elyvilon
Fedhas
Gozag
Makhleb
Nemelex Xobeh
Okawaru
Qazlal
Ru
Sif Muna
Trog
Uskayaw
Xom
Yredelemnul
Zin
The Shining One


Innate Abilities, Weirdness & Mutations

You have very sharp fingernails.
You have a pair of small antennae on your head.
Your magical capacity is low. (-10% MP)
You are resistant to electric shocks. (rElec)
You expend magic power (3 MP) to strengthen your wands.


Message History

Confirm with . or Enter, or press ? or * to list all spells.
You attempt to give life to the dead...
Before your eyes, flesh is ripped from the corpse!
The dead are walking!
The orc misses you. The orc hits you with a +0 dagger.
You barely miss the orc priest. The orc barely misses you.
The orc priest closely misses you. The orc closely misses you.
You barely miss the orc priest. The orc hits you but does no damage.
Your orc priest skeleton hits the orc.
The orc hits your orc priest skeleton with a +0 dagger.
The orc priest hits you with a +0 mace.
* * * LOW HITPOINT WARNING * * *
Aiming: Pain (safe; 3% risk of failure)
Press: ? - help, Q - select action, (/) - cycle Shift-Dir - straight line, f - orc priest
Aim: an orc priest, wielding a +0 mace (chance to affect: 75%)
The orc priest struggles to resist.
The orc barely misses you.
Your orc priest skeleton hits the orc.
The orc dies!
The orc priest mumbles some strange prayers to Beogh against you.
Beogh smites you!
You die...

## #.#. #... .# #.#.## ###
..##.....### ##.# ##
......#.#.Z########..#####.
.....#...)@.)..#.####.#.#..
.....#..#o#o#..#.###.....##
#......#o#####.#..########.
#.......## ###...###.#..#
#........#####.#......#...#
.........#..#...#.#...#....
.............#...#.........
###...........#..#.......#.
##...........#.....#.....


You could see an orc priest, 2 orcs and a friendly orc priest skeleton.

Vanquished Creatures
  Sigmund (D:2)
  An orc priest (D:4)
  Robin (D:3)
  6 adders
  3 gnolls (D:2)
  6 worms
  2 dart slugs
  2 leopard geckos
  2 orcs (D:4)
  2 giant cockroaches
  13 goblins
  12 hobgoblins
  3 jackals (D:3)
  A quokka (D:3)
  A ball python (D:1)
  6 bats
  5 frilled lizards
  7 kobolds
  5 rats
79 creatures vanquished.

Vanquished Creatures (collateral kills)
  An orc (D:4)
  A kobold (D:1)
2 creatures vanquished.

Grand Total: 81 creatures vanquished

Notes
Turn   | Place    | Note
-------+----------+-------------------------------------------
     0 | D:1      | Revguard the Demonspawn Necromancer began the quest for the
                  | Orb.
     0 | D:1      | Reached XP level 1. HP: 13/13 MP: 3/3
   802 | D:1      | Gained mutation: You have sharp fingernails. [demonic
                  | ancestry]
   802 | D:1      | Reached XP level 2. HP: 17/19 MP: 3/5
   954 | D:1      | Learned a level 1 spell: Animate Skeleton
  1520 | D:2      | Found a glowing golden altar of the Shining One.
  1536 | D:2      | Reached XP level 3. HP: 21/25 MP: 0/6
  1544 | D:2      | Learned a level 3 spell: Vampiric Draining
  1660 | D:2      | Reached skill level 1 in Armour
  2075 | D:2      | Found a shimmering blue altar of Sif Muna.
  2075 | D:2      | Found a faded altar of an unknown god.
  2083 | D:2      | Found a glowing silver altar of Zin.
  2085 | D:2      | Found a burning altar of Makhleb.
  2087 | D:2      | Found a hide-covered altar of Uskayaw.
  2123 | D:2      | Found an opulent altar of Gozag.
  2190 | D:2      | Reached skill level 1 in Fighting
  2339 | D:2      | Found a sacrificial altar of Ru.
  2346 | D:2      | Found a blossoming altar of Fedhas.
  2348 | D:2      | Found a snail-covered altar of Cheibriados.
  2460 | D:2      | Reached skill level 1 in Short Blades
  2462 | D:2      | Gained mutation: You have very sharp fingernails. [demonic
                  | ancestry]
  2462 | D:2      | Reached XP level 4. HP: 32/32 MP: 7/7
  2635 | D:2      | Noticed Sigmund
  2656 | D:2      | Killed Sigmund
  2657 | D:2      | Reached XP level 5. HP: 38/38 MP: 2/9
  3043 | D:3      | Noticed Robin
  3393 | D:3      | Killed Robin
  3396 | D:3      | Reached XP level 6. HP: 31/44 MP: 4/10
  3620 | D:3      | Reached skill level 5 in Necromancy
  3628 | D:3      | Learned a level 4 spell: Animate Dead
  4447 | D:3      | Gained mutation: Your magical capacity is low. (-10% MP)
                  | [potion of mutation]
  4447 | D:3      | Gained mutation: You have a pair of small antennae on your
                  | head. [potion of mutation]
  4447 | D:3      | Gained mutation: You are resistant to electric shocks.
                  | (rElec) [potion of mutation]
  4447 | D:3      | Gained mutation: You expend magic power (3 MP) to
                  | strengthen your wands. [potion of mutation]
  4669 | D:4      | Found a staircase to the Ecumenical Temple.
  4680 | Temple   | Entered the Ecumenical Temple
  5133 | D:4      | Killed from afar by an orc priest

Illustrated notes

Levels and vault maps discovered:
D:1:      dpeg_arrival_snail, layout_basic, minmay_misc_feat_tower
D:2:      layout_loops_cross, overflow_temple_1_default, minitemple,
          chequers_temple_overflow_minitemple, nicolae_gozag_seed_capital,
          uniq_sigmund
D:3:      layout_basic, st_stairs_11, uniq_robin
D:4:      layout_layer_cave, minmay_temple_entry_mist, serial_shops, shop,
          uniq_natasha, uniq_edmund
Temple:   nicolae_temple_figure_zero

Skill      XL: |  1  2  3  4  5  6 |
---------------+-------------------+-----
Dodging        | 2 |  2.9
Stealth        | 2 |  2.9
Armour         | 1 2 |  2.1
Fighting       | 1 2 |  2.0
Short Blades   | 1 2 |  2.0
Necromancy     | 5 |  5.0
Spellcasting   | 3 |  3.0

Action                   |  1- 3 |  4- 6 || total
-------------------------+-------+-------++-------
Melee: Short sword       |    13 |       ||    13
       Rapier            |    10 |   129 ||   139
 Cast: Pain              |    44 |    33 ||    77
       Animate Skeleton  |     1 |     2 ||     3
       Vampiric Draining |       |     8 ||     8
  Use: Scroll            |     6 |     4 ||    10
       Potion            |     1 |     5 ||     6
 Stab: Sleeping          |     3 |     3 ||     6
       Distracted        |     1 |       ||     1
Armor: Robe              |     4 |       ||     4
       Leather armour    |     4 |    53 ||    57
Dodge: Dodged            |    36 |   111 ||   147
